 Dungeon Crawl Stone Soup version 0.24-a0-252-g5076262 (webtiles) character file.

Game seed: 4243562295611774651

9527 Hasart the Prestidigitator (level 11, 0/68 HPs)
             Began as a Kobold Gladiator on Apr 18, 2019.
             Was a High Priest of Okawaru.
             Slain by a cyan ugly thing (16 damage)
             ... on level 11 of the Dungeon.
             The game lasted 00:28:58 (12236 turns).

Hasart the Prestidigitator (Kobold Gladiator)      Turns: 12236, Time: 00:28:59

Health: 0/68       AC:  9    Str: 12 (14) XL:     11   Next: 76%
Magic:  18/18      EV: 21    Int: 10 (12) God:    Okawaru [*****.]
Gold:   142        SH:  0    Dex: 16 (17) Spells: 10/10 levels left

rFire    . . .     SeeInvis .   w - +6 long sword of Bodily Harmony {speed, Int+4}
rCold    . . .     Gourm    .   (shield restricted)
rNeg     . . .     Faith    .   L - +0 troll leather armour
rPois    .         Spirit   .   c - +0 helmet
rElec    .         Reflect  .   q - +2 cloak {+Inv}
rCorr    .         Harm     .   D - +0 pair of gloves
MR       .....     Rnd*Rage +   (no boots)
Stlth    ++........             t - amulet of magic regeneration
HPRegen  0.61/turn              x - ring of stealth
MPRegen  0.41/turn              B - +3 ring of slaying

@: contaminated, glowing, invisible (but backlit and visible)
A: small, berserk 1, carnivore, dopey 1
a: Heroism, Finesse, Renounce Religion


You were on level 11 of the Dungeon.
You worshipped Okawaru.
Okawaru was extremely pleased with you.
You were completely stuffed.

You visited 1 branch of the dungeon, and saw 11 of its levels.

You collected 556 gold pieces.
You spent 414 gold pieces at shops.

Inventory:

Hand Weapons
 a - a +0 rapier
 w - the +6 long sword of Bodily Harmony (weapon) {speed, Int+4}
   (You bought it in a shop on level 4 of the Dungeon)

   Attacks with this weapon are significantly faster.
   It affects your intelligence (+4).
 E - the +6 trident "Jayw Iwn" {speed, rPois}
   (You found it on level 7 of the Dungeon)

   Attacks with this weapon are significantly faster.
   It protects you from poison.
Missiles
 d - 6 throwing nets (quivered)
Armour
 b - a +1 leather armour of fire resistance
 c - a +0 helmet (worn)
 q - a +2 cloak of invisibility (worn)
 D - a +0 pair of gloves (worn)
 L - a +0 troll leather armour (worn)
Jewellery
 k - a +4 ring of protection
 t - an amulet of magic regeneration (around neck)
 x - a ring of stealth (left hand)
 B - a +3 ring of slaying (right hand)
Wands
 e - a wand of polymorph (3)
 m - a wand of acid (4)
 G - a wand of scattershot (6)
 I - a wand of digging (5)
 K - a wand of disintegration (10)
 M - a wand of clouds (7)
Scrolls
 j - 2 scrolls of fear {unknown}
 o - 2 scrolls of enchant armour {unknown}
 p - 7 scrolls of teleportation
 r - 6 scrolls of remove curse
 s - 10 scrolls of identify
 u - 5 scrolls of blinking
 y - a scroll of amnesia {unknown}
 z - 2 scrolls of fog {unknown}
 C - a scroll of brand weapon {unknown}
 F - 2 scrolls of holy word {unknown}
 J - 2 scrolls of noise {unknown}
Potions
 g - 3 potions of curing
 h - 2 potions of degeneration
 i - 4 potions of heal wounds
 l - a potion of agility
 v - a potion of might
 A - a potion of invisibility
Comestibles
 f - 29 rations
 n - 2 chunks of flesh


   Skills:
 + Level 8.1 Fighting
 - Level 7.8(9.4) Short Blades
 - Level 5.0(6.0) Long Blades
 - Level 2.1 Throwing
 - Level 2.4 Armour
 + Level 9.2 Dodging
 + Level 10.0 Stealth
 - Level 2.4 Invocations
 * Level 10.6 Evocations


You had 10 spell levels left.
You didn't know any spells.
Your spell library contained the following spells:

 Spells                   Type           Power        Failure   Level  Hunger
 Sting                    Conj/Pois      #...         43%         1    ##.....
 Poisonous Vapours        Pois/Air       #.....       58%         2    ###....
 Mephitic Cloud           Conj/Pois/Air  #.......     82%         3    ####...
 Olgreb's Toxic Radiance  Pois           #.......     99%         4    #####..
 Bolt of Magma            Conj/Fire/Erth #.........   100%        5    ######.
 Iskenderun's Battlesphe  Conj/Chrm      #.......     100%        5    ######.
 Venom Bolt               Conj/Pois      #.........   100%        5    ######.
 Iron Shot                Conj/Erth      #.........   100%        6    #######
 Orb of Destruction       Conj           #.........   100%        7    #######
 Spellforged Servitor     Conj/Summ      #.........   100%        7    #######


Dungeon Overview and Level Annotations

Branches:
Dungeon (11/15)            Temple (0/1) D:5            Lair (0/6) D:8
    Orc: D:9-12

Altars:
Okawaru
Vehumet
Wu Jian

Shops:
D:4 (   D:10 }??

Portals:
Trove: D:10 (give 2 scrolls of acquirement)

Annotations:
D:7 3 runed translucent doors, Yakkha's ghost, novice OpWn


Innate Abilities, Weirdness & Mutations

You are small and have problems with some larger weapons.
You are carnivorous and can eat meat at any time.
You tend to lose your temper in combat.
You are dopey. (Int -2)


Message History

A worker ant comes into view.
The cyan ugly thing bites you but does no damage.
The worker ant twitches its antennae in your direction.
You hit the manticore.
The manticore is almost dead.
The manticore bites you. The manticore claws you! The manticore claws you.
The cyan ugly thing misses you.
You hit the manticore.
You kill the manticore!
Okawaru is honoured by your kill. Something appears at your feet!
Okawaru grants you armour!
You feel your strength returning.
Training target 6.0 for Long Blades reached!
Your base Long Blades skill increases to level 5!
Unknown command.
The cyan ugly thing bites you!
* * * LOW HITPOINT WARNING * * *
The cyan ugly thing shocks you!
You die...

+...... .....
######...... #....
#........... #....
#........... +....
#...........
#....######........((.
#.....#..####'#....##+
#.....#.......#....#
#....@#.......#....#
#+#...Ou##'######.รท..###
.../...[................
........................
................<.......
......a.................
........................
.......##+######+#####..
....... #..


You could see a cyan ugly thing, an ogre and a worker ant.

Vanquished Creatures
  Harold (D:8)
  2 two-headed ogres
  A manticore (D:11)
  A cyclops (D:11)
  2 trolls (D:10)
  A hippogriff (D:10)
  A wyvern (D:8)
  Grum (D:10)
  A basilisk (D:10)
  A water moccasin (D:8)
  Duvessa (D:4)
  5 orc warriors
  An ice beast (D:9)
  4 sky beasts
  A necrophage (D:7)
  4 ogres
  A phantom (D:7)
  7 centaurs
  2 wolves (D:10)
  A big kobold (D:9)
  8 bullfrogs
  Blork the orc (D:4)
  Dowan (D:4)
  4 scorpions
  12 killer bees
  4 wights (D:9)
  4 howler monkeys
  2 crimson imps
  A bullfrog zombie (D:10)
  4 hounds
  A centaur skeleton (D:3)
  3 bullfrog skeletons
  Crazy Yiuf (D:4)
  11 orc priests
  14 orc wizards
  3 iguanas
  Terence (D:3)
  10 worker ants
  A hound zombie (D:10)
  11 adders
  3 shadow imps
  An adder zombie (D:8)
  An adder skeleton (D:9)
  3 worms
  2 dart slugs (D:1)
  3 leopard geckos
  34 orcs
  8 bats
  4 giant cockroaches
  9 goblins
  9 hobgoblins
  2 quokkas (D:7)
  2 ball pythons
  3 frilled lizards
  10 kobolds
  A quokka skeleton (D:8)
  4 rats
235 creatures vanquished.

Vanquished Creatures (others)
  An orc warrior (D:8)
  An orc (D:10)
2 creatures vanquished.

Grand Total: 237 creatures vanquished

Notes
Turn   | Place    | Note
-------+----------+-------------------------------------------
     0 | D:1      | Hasart the Kobold Gladiator began the quest for the Orb.
     0 | D:1      | Reached XP level 1. HP: 12/12 MP: 1/1
    19 | D:1      | Found an ornate altar of the Wu Jian Council.
    90 | D:1      | Reached XP level 2. HP: 17/17 MP: 2/2
   264 | D:1      | Reached skill level 1 in Stealth
   531 | D:1      | Reached XP level 3. HP: 22/22 MP: 3/3
  1287 | D:2      | Reached skill level 1 in Armour
  1287 | D:2      | Reached XP level 4. HP: 27/27 MP: 4/4
  1686 | D:2      | Reached skill level 5 in Short Blades
  1995 | D:2      | Found a radiant altar of Vehumet.
  2418 | D:3      | Noticed Terence
  2442 | D:3      | Killed Terence
  2442 | D:3      | Reached XP level 5. HP: 19/32 MP: 5/5
  2972 | D:3      | Found an iron altar of Okawaru.
  2982 | D:3      | Became a worshipper of Warmaster Okawaru
  3065 | D:3      | Reached XP level 6. HP: 16/37 MP: 6/6
  3661 | D:4      | Reached skill level 1 in Invocations
  3747 | D:4      | Found Ciamiy Yquat's Antique Weapon Shop.
  3900 | D:4      | Reached XP level 7. HP: 41/41 MP: 7/7
  4140 | D:4      | Reached * piety under Okawaru
  4244 | D:4      | Bought an ancient long sword for 170 gold pieces
  4244 | D:4      | Identified the +6 long sword of Bodily Harmony {speed,
                  | Int+4} (You bought it in a shop on level 4 of the Dungeon)
  4452 | D:4      | Found a runed translucent door.
  4453 | D:4      | Noticed Crazy Yiuf
  4607 | D:4      | Noticed Duvessa
  4608 | D:4      | Noticed Dowan
  4619 | D:4      | Killed Duvessa
  4619 | D:4      | Reached skill level 5 in Dodging
  4624 | D:4      | Killed Dowan
  4689 | D:4      | Noticed Blork the orc
  4698 | D:4      | Killed Blork the orc
  4698 | D:4      | Reached XP level 8. HP: 43/48 MP: 9/9
  4974 | D:4      | Killed Crazy Yiuf
  5042 | D:5      | Entered Level 5 of the Dungeon
  5048 | D:5      | Reached skill level 1 in Evocations
  5172 | D:5      | Reached ** piety under Okawaru
  5440 | D:5      | Reached skill level 5 in Stealth
  5512 | D:5      | Found a staircase to the Ecumenical Temple.
  5818 | D:6      | Reached skill level 1 in Long Blades
  5950 | D:6      | Reached XP level 9. HP: 53/53 MP: 11/11
  6073 | D:6      | Reached skill level 5 in Fighting
  6232 | D:6      | HP: 2/54 [orc warrior/+0 trident (11)]
  6956 | D:7      | Found a runed translucent gate.
  6956 | D:7      | Found a runed translucent gate.
  6956 | D:7      | Found a runed translucent gate.
  6957 | D:7      | Noticed Yakkha's ghost (novice OpWn)
  6985 | D:7      | Reached skill level 5 in Evocations
  6987 | D:7      | Reached *** piety under Okawaru
  7505 | D:7      | Got a brightly glowing trident
  7506 | D:7      | Identified the +6 trident "Jayw Iwn" {speed, rPois} (You
                  | found it on level 7 of the Dungeon)
  8187 | D:7      | Reached XP level 10. HP: 54/60 MP: 14/14
  8211 | D:7      | Reached **** piety under Okawaru
  8763 | D:8      | Noticed a two-headed ogre
  8940 | D:8      | Killed a two-headed ogre
  9357 | D:8      | Noticed Harold
  9378 | D:8      | Killed Harold
  9558 | D:8      | Found a staircase to the Lair.
  9749 | D:8      | Reached ***** piety under Okawaru
  9762 | D:8      | Reached XP level 11. HP: 17/67 MP: 17/17
 10322 | D:9      | Noticed a two-headed ogre
 10340 | D:9      | Killed a two-headed ogre
 10789 | D:10     | Entered Level 10 of the Dungeon
 10802 | D:10     | Noticed Grum
 10828 | D:10     | Killed Grum
 10828 | D:10     | Received a gift from Okawaru
 10828 | D:10     | Reached skill level 10 in Evocations
 11003 | D:10     | Found Kuankaum's Magic Scroll Emporium.
 11011 | D:10     | Bought a scroll of teleportation for 42 gold pieces
 11014 | D:10     | Found a portal to a secret trove of treasure.
 11064 | D:10     | Found Ifajeg's Gadget Shop.
 11310 | D:10     | Found Ufe Vischid's Magic Scroll Shoppe.
 11335 | D:10     | Bought a scroll of blinking for 112 gold pieces
 11335 | D:10     | Bought 2 scrolls of remove curse for 90 gold pieces
 11737 | D:11     | Noticed a seven-headed hydra
 11761 | D:11     | Noticed a cyclops
 11766 | D:11     | Gained mutation: You tend to lose your temper in combat.
                  | [mutagenic glow]
 11815 | D:10     | Gained mutation: You are dopey. (Int -2) [mutagenic glow]
 12184 | D:11     | Killed a cyclops
 12184 | D:11     | Reached skill level 10 in Stealth
 12220 | D:11     | Noticed a cyan ugly thing
 12222 | D:11     | Noticed a manticore
 12234 | D:11     | Killed a manticore
 12234 | D:11     | Received a gift from Okawaru
 12234 | D:11     | Reached skill level 5 in Long Blades
 12236 | D:11     | Slain by a cyan ugly thing

Levels and vault maps discovered:
D:1:      sevenhm_arrival_forest_fort_small_6, layout_loops_corners
D:2:      layout_loops_corners, vehumet_crystals, first_ration
D:3:      layout_loops_ring, okawaru_trees_1, uniq_terence
D:4:      layout_loops_ring, serial_shops,
          nicolae_shop_temple_entry_statues_fountains, uniq_crazy_yiuf_cottage,
          uniq_blork_the_orc, uniq_duvessa
D:5:      layout_basic, minmay_temple_entry_fiery
D:6:      layout_loops_corners
D:7:      layout_loops_ring, serial_co_window_serial,
          co_window_of_opportunity_a, co_window_corner_a, co_window_corner_a,
          co_window_of_opportunity_a, co_window_of_opportunity_a,
          co_window_paths_a, co_window_corner_a, co_window_corner_b,
          co_window_corner_ca, co_window_2corner, co_window_paths_e,
          glass_columns_a, glass_columns_a, glass_columns_a, glass_columns_c,
          ebering_ghost_rock_garden, grunt_ogre_cave, supply_closet_lemuel,
          mrwooster_statue_mirror
D:8:      layout_cave_pools, lair_entry_dummy, kennysheep_generic_room_13,
          uniq_harold
D:9:      layout_rooms
D:10:     layout_irregular_city, serial_shops, shop, shop,
          nicolae_shop_statue_plus, enter_trove_1, uniq_grum
D:11:     layout_gridville, orc_0_dummy, uniq_urug

Skill      XL: |  1  2  3  4  5  6  7  8  9 10 11 |
---------------+----------------------------------+-----
Stealth        | 1 2 3 4 5 7 8 10 | 10.0
Armour         | 1 2 |  2.4
Dodging        | 4 5 6 7 8 9 |  9.2
Short Blades   | 5 6 7 |  7.8
Fighting       | 3 4 6 7 8 |  8.1
Invocations    | 1 2 |  2.4
Evocations     | 3 6 9 10 | 10.6
Long Blades    | 1 2 4 5 |  5.0
Throwing       | |  2.1

Action                   |  1- 3 |  4- 6 |  7- 9 | 10-12 || total
-------------------------+-------+-------+-------+-------++-------
Melee: Rapier            |    96 |   202 |    44 |       ||   342
       Long sword        |       |       |   217 |   319 ||   536
       Unarmed           |       |       |     1 |       ||     1
       Trident           |       |       |       |     7 ||     7
Throw: Throwing net      |       |     3 |       |       ||     3
 Abil: Evoke Invisibilit |       |       |       |    12 ||    12
  Use: Potion            |       |       |     3 |     7 ||    10
       Scroll            |       |       |     1 |       ||     1
 Stab: Sleeping          |     7 |     3 |    21 |    18 ||    49
       Distracted        |       |     1 |       |     1 ||     2
       Invisible         |       |       |       |    26 ||    26
  Eat: Chunk             |     9 |     9 |    12 |    19 ||    49
Armor: Leather armour    |    14 |    29 |    39 |    33 ||   115
       Troll leather arm |       |       |       |    19 ||    19
Dodge: Dodged            |    66 |   120 |   154 |   306 ||   646
       Rpst.: Long sword |       |       |    35 |    70 ||   105

Table legend:
 A = Non-vault XP
 B = Vault XP
 C = Vault XP percentage of total XP
 D = Non-vault monster count
 E = Vault monster count
 F = Vault count percentage of total count
                 A         B        C        D         E       F
            +---------+---------+-------+---------+---------+-------
      Total |   11677 |    1933 |  14.2 |     226 |      10 |   4.2
            +---------+---------+-------+---------+---------+-------
        D:1 |      45 |       0 |   0.0 |      24 |       0 |   0.0
        D:2 |      84 |       0 |   0.0 |      23 |       0 |   0.0
        D:3 |     125 |      36 |  22.4 |      14 |       1 |   6.7
        D:4 |     436 |     362 |  45.4 |      21 |       4 |  16.0
        D:5 |     781 |       0 |   0.0 |      14 |       0 |   0.0
        D:6 |     669 |       0 |   0.0 |      10 |       0 |   0.0
        D:7 |    1860 |     118 |   6.0 |      35 |       1 |   2.8
        D:8 |    2366 |    1002 |  29.8 |      32 |       1 |   3.0
        D:9 |    2179 |       0 |   0.0 |      25 |       0 |   0.0
       D:10 |    1795 |     415 |  18.8 |      22 |       3 |  12.0
       D:11 |    1337 |       0 |   0.0 |       6 |       0 |   0.0
            +---------+---------+-------+---------+---------+-------
